 Dungeon Crawl Stone Soup version 0.26.1-11-gd32895ea62 (webtiles) character file.

Game seed: 12578660955512194587

19623 Eitelfritz the Severer (level 12, -12/106 HPs)
             Began as a Hill Orc Fighter on May 6, 2021.
             Was a High Priest of Zin.
             Mangled by a very large slime creature (51 damage)
             ... on level 15 of the Dungeon.
             The game lasted 00:24:13 (9755 turns).

Eitelfritz the Severer (Hill Orc Fighter)           Turns: 9755, Time: 00:24:13

Health: -12/106    AC: 20    Str: 24    XL:     12   Next: 70%
Magic:  20/20      EV:  8    Int:  8    God:    Zin [*****.]
Gold:   364        SH: 12    Dex: 10    Spells: 11/11 levels left

rFire    . . .     SeeInvis .   a - +6 war axe (freeze)
rCold    . . .     Faith    .   c - +1 kite shield
rNeg     . . .     Spirit   .   S - +0 chain mail
rPois    .         Reflect  .   K - +0 helmet
rElec    .         Harm     .   s - +2 cloak
rCorr    .         Rampage  .   I - +2 pair of gloves
Will     .....                  G - +0 pair of boots
Stlth    ..........             l - amulet of regeneration
HPRegen  0.67/turn              (no ring)
MPRegen  0.17/turn              (no ring)

@: studying Unarmed Combat
A: no striking features
a: Renounce Religion, Recite, Vitalisation, Imprison, Sanctuary, Donate Gold


You were on level 15 of the Dungeon.
You worshipped Zin.
Zin was extremely pleased with you.
You visited 2 branches of the dungeon, and saw 14 of its levels.

You collected 697 gold pieces.
You spent 264 gold pieces at shops.
You donated 69 gold pieces to Zin.

Inventory:

Hand Weapons
 a - a +6 war axe of freezing (weapon)
 O - a +3 flail
Missiles
 e - 2 throwing nets (quivered)
 i - 22 boomerangs
 A - 39 poisoned darts
 C - 6 javelins
 H - 14 curare-tipped darts
Armour
 b - a +2 troll leather armour {Snorg}
 c - a +1 kite shield (worn)
 s - a +2 cloak (worn)
 G - a +0 pair of boots (worn)
 I - a +2 pair of gloves (worn)
 K - a +0 helmet (worn)
 S - a +0 chain mail (worn)
 V - a +0 plate armour
Jewellery
 g - an uncursed ring of wizardry
 h - an uncursed ring of fire
 j - an uncursed ring of willpower {unknown}
 l - an amulet of regeneration (around neck)
 n - an uncursed ring of wizardry
 B - an uncursed ring of willpower {unknown}
 E - an uncursed ring of magical power {unknown}
 F - an uncursed amulet of guardian spirit {unknown}
Wands
 v - a wand of random effects (16)
 D - a wand of acid (13)
 J - a wand of disintegration (5)
Scrolls
 f - 8 scrolls of identify
 o - 6 scrolls of remove curse
 q - 4 scrolls of teleportation
 r - 3 scrolls of magic mapping
 t - 4 scrolls of fear
 u - 5 scrolls of blinking
 y - 3 scrolls of fog
 L - 3 scrolls of amnesia
 M - a scroll of noise {unknown}
 P - a scroll of summoning
 R - a scroll of holy word {unknown}
 U - a scroll of enchant armour
Potions
 d - 2 potions of might
 k - 3 potions of lignification
 m - 7 potions of attraction
 p - 4 potions of heal wounds
 w - 2 potions of resistance {unknown}
 x - 5 potions of curing
 z - a potion of experience {unknown}
 Q - a potion of berserk rage {unknown}
 T - 2 potions of magic {unknown}
Books
 N - a manual of Unarmed Combat


   Skills:
 + Level 10.0 Fighting
 + Level 15.6 Axes
 + Level 8.8 Armour
 + Level 4.1 Dodging
 + Level 2.3 Stealth
 + Level 8.5 Shields
 * Level 11.0 Invocations


You had 11 spell levels left.
You didn't know any spells.
Your spell library contained the following spells:

 Spells                   Type           Power        Failure   Level
 Animate Skeleton         Necr           0%           99%         1
 Magic Dart               Conj           0%           99%         1
 Pain                     Necr           0%           99%         1
 Shock                    Conj/Air       0%           99%         1
 Blink                    Tloc           N/A          100%        2
 Call Imp                 Summ           0%           100%        2
 Slow                     Hex            0%           100%        2
 Swiftness                Air            0%           100%        2
 Conjure Flame            Conj/Fire      0%           100%        3
 Mephitic Cloud           Conj/Pois/Air  0%           100%        3
 Static Discharge         Conj/Air       0%           100%        3
 Vampiric Draining        Necr           0%           100%        3
 Airstrike                Air            0%           100%        4
 Animate Dead             Necr           0%           100%        4
 Agony                    Necr           0%           100%        5
 Lightning Bolt           Conj/Air       0%           100%        5


Dungeon Overview and Level Annotations

Branches:
Dungeon (12/15)            Temple (1/1) D:4            Lair (0/6) D:10
    Orc (0/2) D:12

Altars:
Ashenzari
Cheibriados
Dithmenos
Elyvilon
Fedhas
Gozag
Hepliaklqana
Kikubaaqudgha
Makhleb
Nemelex Xobeh
Okawaru
Qazlal
Ru
Sif Muna
Trog
Uskayaw
Vehumet
Wu Jian
Xom
Yredelemnul
Zin
The Shining One
Beogh

Shops:
D:7 }[[[


Message History

You freeze the very large slime creature.
The very large slime creature is moderately wounded.
You are ready to recite again.
The very large slime creature hits you!!
You slash the very large slime creature!
You freeze the very large slime creature.
The very large slime creature is moderately wounded.
You slash the very large slime creature!
You freeze the very large slime creature.
The very large slime creature is heavily wounded.
You block the very large slime creature's attack.
You slice the very large slime creature!!
You freeze the very large slime creature!
The very large slime creature is severely wounded.
The very large slime creature barely misses you.
You slice the very large slime creature!!
You freeze the very large slime creature!
The very large slime creature is almost dead.
The very large slime creature hits you!!!
You die...

#.# #.#...... #.#
#......#. #.# ###.##.#.
##.########......
#.####................ #
#.......########......
.(...###.## #......
.....###.####### #......
.....lJ@.)..............
.....###.##########....#
... #..)....... .......
. #.#.####### ##.....
#.#.. .... # #.## #.#
... ...


You could see a very large slime creature and a wyvern.

Vanquished Creatures
  Snorg (D:11)
  3 two-headed ogres
  Urug (D:10)
  Sonja (D:11)
  Nergalle (D:11)
  An unseen horror (D:12)
  An orc knight (D:12)
  A wolf spider zombie (D:15)
  4 ugly things
  A cyclops (D:15)
  Joseph (D:7)
  2 gargoyles
  A hornet (D:7)
  5 trolls
  A slime creature (D:15)
  21 yaks
  2 wraiths (D:11)
  A soldier ant (D:12)
  Duvessa (D:6)
  7 orc warriors
  2 phantoms
  2 ice beasts
  3 sky beasts
  An eye of draining (D:12)
  A necrophage (D:12)
  A black bear (D:3)
  4 ogres
  6 centaurs
  A big kobold (D:9)
  8 bullfrogs
  A wyvern zombie (D:9)
  A gnoll sergeant (D:10)
  Dowan (D:6)
  2 scorpions
  5 killer bees (D:12)
  30 wights
  2 howler monkeys (D:10)
  A centaur zombie (D:10)
  2 jellies
  3 bullfrog zombies
  A centaur skeleton (D:12)
  4 orc wizards
  Crazy Yiuf (D:7)
  2 hounds
  A quasit (D:11)
  4 orc priests
  An iguana (D:10)
  10 worker ants
  A hound zombie (D:9)
  A hound skeleton (D:9)
  A howler monkey zombie (D:8)
  9 gnolls
  14 adders
  A shadow imp (D:7)
  5 white imps
  3 ufetubi
  5 adder skeletons
  3 worms
  A dart slug (D:5)
  5 leopard geckos
  37 orcs
  6 giant cockroaches
  5 goblins
  5 hobgoblins
  4 jackals
  7 kobolds
  2 quokkas
  6 bats
  7 frilled lizards
  A leopard gecko skeleton (D:6)
  4 rats
291 creatures vanquished.

Vanquished Creatures (others)
  A jackal (D:11)
  A plant (D:4)
  9 withered plants (D:9)
11 creatures vanquished.

Grand Total: 302 creatures vanquished

Notes
Turn   | Place    | Note
-------+----------+-------------------------------------------
     0 | D:1      | Eitelfritz the Hill Orc Fighter began the quest for the
                  | Orb.
     0 | D:1      | Reached XP level 1. HP: 19/19 MP: 1/1
    49 | D:1      | Found a sparkling altar of Nemelex Xobeh.
   159 | D:1      | Reached XP level 2. HP: 25/27 MP: 2/2
   678 | D:2      | Reached skill level 3 in Axes
   750 | D:2      | Reached XP level 3. HP: 29/33 MP: 3/3
  1015 | D:2      | Reached skill level 1 in Dodging
  1044 | D:2      | Reached XP level 4. HP: 38/40 MP: 4/4
  1215 | D:3      | Noticed a black bear
  1232 | D:3      | Killed a black bear
  1233 | D:3      | Reached skill level 4 in Axes
  1233 | D:3      | Reached XP level 5. HP: 26/46 MP: 5/5
  1405 | D:3      | Found a faded altar of an unknown god.
  2187 | D:3      | Reached skill level 5 in Axes
  2596 | D:4      | Reached XP level 6. HP: 45/53 MP: 6/6
  2627 | D:4      | Found a shadowy altar of Dithmenos.
  2646 | D:4      | Reached skill level 6 in Axes
  2934 | D:4      | Found a staircase to the Ecumenical Temple.
  3515 | Temple   | Entered the Ecumenical Temple
  3731 | D:5      | Entered Level 5 of the Dungeon
  3767 | D:5      | Reached XP level 7. HP: 43/60 MP: 7/7
  4043 | D:5      | Reached skill level 5 in Armour
  4161 | D:5      | Found a glowing silver altar of Zin.
  4162 | D:5      | Noticed an angel
  4170 | D:5      | Became a worshipper of Zin the Law-Giver
  4170 | D:5      | Reached * piety under Zin
  4248 | D:6      | Reached skill level 7 in Axes
  4248 | D:6      | Reached skill level 1 in Invocations
  4252 | D:6      | Reached ** piety under Zin
  4275 | D:6      | Noticed Dowan
  4276 | D:6      | Noticed Duvessa
  4287 | D:6      | Killed Duvessa
  4291 | D:6      | Killed Dowan
  4292 | D:6      | Reached XP level 8. HP: 58/67 MP: 7/9
  4367 | D:6      | Found a broken altar of Ashenzari.
  4407 | D:6      | Reached skill level 8 in Axes
  4532 | D:6      | Reached skill level 5 in Fighting
  4859 | D:7      | Noticed a hornet
  4865 | D:7      | Paralysed by a hornet for 1 turns
  4866 | D:7      | Killed a hornet
  4867 | D:7      | Reached skill level 5 in Shields
  4929 | D:7      | Reached *** piety under Zin
  4962 | D:7      | Found a runed translucent door.
  4963 | D:7      | Noticed Crazy Yiuf
  4991 | D:7      | Found Bitwas's Armour Shop.
  5038 | D:7      | Reached skill level 9 in Axes
  5128 | D:7      | Found a bloodstained altar of Trog.
  5144 | D:7      | Found Bucsuv's Armour Emporium.
  5149 | D:7      | Bought a +0 pair of boots for 58 gold pieces
  5149 | D:7      | Bought a +0 pair of gloves for 58 gold pieces
  5220 | D:7      | Noticed Joseph
  5234 | D:7      | Killed Joseph
  5235 | D:7      | Reached XP level 9. HP: 30/75 MP: 10/12
  5313 | D:7      | Found a hide-covered altar of Uskayaw.
  5363 | D:7      | Found Mayzuet's Antique Armour Shoppe.
  5377 | D:7      | Found Bynne's Gadget Shop.
  5383 | D:7      | Reached skill level 10 in Axes
  5392 | D:7      | Bought a helmet for 148 gold pieces
  5518 | D:7      | Killed Crazy Yiuf
  5552 | D:8      | Noticed a two-headed ogre
  5557 | D:8      | Killed a two-headed ogre
  5558 | D:8      | Reached skill level 5 in Invocations
  5621 | D:8      | Found a shimmering blue altar of Sif Muna.
  6024 | D:8      | Reached skill level 11 in Axes
  6118 | D:9      | Reached **** piety under Zin
  6166 | D:9      | Reached XP level 10. HP: 70/84 MP: 14/14
  6247 | D:9      | Found a white marble altar of Elyvilon.
  6475 | D:9      | Reached skill level 12 in Axes
  6848 | D:9      | Found an ancient bone altar of Kikubaaqudgha.
  6901 | D:10     | Entered Level 10 of the Dungeon
  7013 | D:10     | Noticed a two-headed ogre
  7022 | D:10     | Zin protects you from harm!
  7023 | D:10     | Killed a two-headed ogre
  7109 | D:10     | Noticed a two-headed ogre
  7123 | D:10     | Killed a two-headed ogre
  7124 | D:10     | Reached skill level 13 in Axes
  7124 | D:10     | Reached XP level 11. HP: 49/94 MP: 15/17
  7402 | D:10     | Reached ***** piety under Zin
  7512 | D:10     | Found a staircase to the Lair.
  7868 | D:11     | Noticed Urug
  7873 | D:11     | Noticed Sonja
  8042 | D:10     | Killed Urug
  8392 | D:11     | Noticed Snorg
  8404 | D:11     | Killed Snorg
  8405 | D:11     | Reached skill level 14 in Axes
  8531 | D:11     | Noticed Nergalle
  8537 | D:11     | Reached skill level 1 in Stealth
  8545 | D:11     | Killed Nergalle
  8666 | D:11     | Noticed a white ugly thing
  8666 | D:11     | Noticed a brown ugly thing
  8689 | D:11     | Killed a brown ugly thing
  8699 | D:11     | Killed a brown ugly thing
  8722 | D:11     | Reached XP level 12. HP: 100/103 MP: 19/19
  8912 | D:11     | Killed Sonja
  8913 | D:11     | Reached skill level 10 in Invocations
  9130 | D:12     | Found a roughly hewn altar of Beogh.
  9147 | D:12     | Reached skill level 15 in Axes
  9151 | D:12     | Found a staircase to the Orcish Mines.
  9651 | D:12     | You fall into a shaft and drop 3 floors!
  9651 | D:15     | Entered Level 15 of the Dungeon
  9740 | D:15     | Reached skill level 10 in Fighting
  9755 | D:15     | Mangled by a very large slime creature

Illustrated notes

Levels and vault maps discovered:
D:1:      minmay_arrival_checkered_box, layout_rooms, fountainhead,
          nemelex_xobeh_ov_fountains_minmay
D:2:      layout_basic
D:3:      layout_basic, chequers_ecumenical_altar_island
D:4:      layout_basic, minmay_temple_entry_gardened_gates, serial_forest,
          infiniplex_forest_lined_3_way, infiniplex_forest_end_3,
          infiniplex_forest_clump_small, infiniplex_forest_straight_1,
          infiniplex_forest_side_room, infiniplex_forest_clump_long,
          infiniplex_forest_clump_diagonal, nicolae_dithmenos_shadow_blocks
D:5:      layout_cave_pools, zin_angel
D:6:      layout_basic, evilmike_ruin_ashenzari, uniq_duvessa
D:7:      layout_rooms, lemuel_coloured_pillars_altar, serial_shops, shop, shop,
          shop, kennysheep_little_box, basic_altar, uniq_joseph,
          uniq_crazy_yiuf_cottage
D:8:      layout_basic, lemuel_round_altar
D:9:      layout_rooms, kiku_gazebo_garden_becter, elyvilon_altar_1,
          minmay_fractal_squares_diagonal_5
D:10:     layout_roguey, lair_entry_dummy
D:11:     minmay_general_purpose_star, layout_rooms, uniq_snorg, uniq_urug,
          uniq_nergalle, uniq_sonja
D:12:     layout_rooms, david_orc_5, roderic_lattice_a
D:15:     gammafunk_depths_entry_grave, layout_basic,
          hangedman_abyss_or_decor_passed, nicolae_trove_entry_diagonal,
          gauntlet_entry_generic
Temple:   eino_temple_scatter_basement

Skill      XL: |  1  2  3  4  5  6  7  8  9 10 11 12 |
---------------+-------------------------------------+-----
Axes           | 3 4 5 6 7 9 11 13 14 15 | 15.6
Fighting       | 4 5 6 7 8 10 | 10.0
Dodging        | 1 2 3 4 |  4.1
Shields        | 4 5 6 7 8 |  8.5
Armour         | 4 5 6 7 8 |  8.8
Invocations    | 2 4 6 8 9 11 | 11.0
Stealth        | 1 2 |  2.3

Action                   |  1- 3 |  4- 6 |  7- 9 | 10-12 || total
-------------------------+-------+-------+-------+-------++-------
Melee: War axe           |    87 |    96 |   203 |   533 ||   919
Throw: Throwing net      |       |       |       |     1 ||     1
Invok: Recite            |       |       |       |    11 ||    11
       Vitalisation      |       |       |       |     1 ||     1
  Use: Scroll            |       |    14 |     4 |     4 ||    22
 Stab: Confused          |       |       |       |     8 ||     8
Armor: Scale mail        |    38 |    40 |    73 |    70 ||   221
       Chain mail        |       |       |       |   132 ||   132
Dodge: Dodged            |    29 |    34 |    60 |   114 ||   237
Block: Kite shield       |    57 |    48 |   108 |   252 ||   465
